 Dungeon Crawl Stone Soup version 0.31-a0-1308-ga3cce3a448 (webtiles) character file.

Game seed: 17949355834723376851

232 mopl the Insei (level 6, -1/40 HPs)
             Began as an Octopode Shapeshifter on Dec 19, 2023.
             Slain by Ijyb
             ... wielding a +0 dagger
              (4 damage)
             ... on level 3 of the Dungeon.
             The game lasted 00:01:49 (1736 turns).

mopl the Insei (Octopode Shapeshifter)              Turns: 1736, Time: 00:01:50

Health: -1/40      AC:  1    Str: 13    XL:     6   Next: 4%
Magic:  6/6        EV: 14    Int: 13    God:
Gold:   174        SH:  0    Dex: 19    Spells: 5/5 levels left

rFire   . .          .
                       - Unarmed
rCold   . . .        e - orb {light}
rNeg    . . .        (helmet currently unavailable)
rPois   .            (no amulet)
rElec   .            i - +6 ring of dexterity
rCorr   .            (no ring)
SInv    .            (no ring)
Will    .....        (no ring)
Stlth   +            (no ring)
HPRegen 0.26/turn    (no ring)
MPRegen 0.10/turn    (no ring)
                     (no ring)

%: no passive effects
@: beast-form, glowing
A: beast (slay +2), almost no armour, amphibious, 8 rings, camouflage 1,
gelatinous body 1, (nimble swimmer 1), tentacles
a: Begin Untransformation


You were on level 3 of the Dungeon.
You were a hulking beast.
You visited 1 branch of the dungeon, and saw 3 of its levels.

You collected 174 gold pieces.

Inventory:

Missiles
 f - 6 poisoned darts (quivered)
Armour
 e - an orb of light (worn)
Jewellery
 i - a +6 ring of dexterity (left tentacle)
Talismans
 b - a beast talisman
 c - a flux talisman
Scrolls
 d - a scroll of blinking {unknown}
 j - a scroll of brand weapon {unknown}
 m - a scroll of teleportation {unknown}
 n - a scroll of amnesia {unknown}
Potions
 a - 2 potions of lignification {!q}
 g - a potion of mutation {unknown}
 h - a potion of berserk rage {unknown}
 k - a potion of brilliance {unknown}
 l - a potion of curing {unknown}


   Skills:
 + Level 2.3 Fighting
 + Level 3.0 Dodging
 * Level 4.5 Unarmed Combat
 * Level 4.2 Shapeshifting


You had 5 spell levels left.
You didn't know any spells.
Your spell library was empty.

Dungeon Overview and Level Annotations

Branches:
Dungeon (3/15)

Altars:

Annotations:
D:3 Ijyb


Innate Abilities, Weirdness & Mutations

You are a hulking beast.
Your limbs bulge with bestial killing power. (Slay +2)
You cannot wear most types of armour.
You are amphibious.
You can wear up to eight rings at the same time.
Your skin changes colour to match your surroundings (Stealth+).
Your rubbery body absorbs attacks. (AC +1, EV +1)
((You are camouflaged when in or above water. (Stealth+)))
You have tentacles for arms and can constrict up to eight enemies at once.


Message History

You tentacle-slap the ball python.
You kill the ball python!
You hear the slow rusting of a very distant drain.
A ball python comes into view.
The ball python hisses angrily.
You hear a shout!
Ijyb the Twisted Goblin comes into view.
She is wielding a +0 dagger, wearing a +2 ring mail of poison resistance and carrying a wand of roots.
You hear a shout!
You bludgeon the ball python!
You kill the ball python!
A hobgoblin comes into view.
Ijyb zaps a wand.
The roots erupt in riotous growth!
The grasping roots grab you!
Ijyb is unaffected.
The grasping roots constrict you.
You see here a ball python corpse.
You tentacle-slap Ijyb. Your grab misses Ijyb.
Ijyb is lightly wounded.
Ijyb barely misses you. The grasping roots constrict you.
Unknown command.
You barely miss Ijyb. You grab Ijyb. You squeeze Ijyb!
Ijyb is heavily wounded.
You constrict Ijyb, but do no damage. Ijyb hits you with a +0 dagger.
The grasping roots constrict you.
You tentacle-slap Ijyb but do no damage.
Ijyb is heavily wounded.
You constrict Ijyb, but do no damage. Ijyb screams, "I dance on your bones!"
Ijyb hits you with a +0 dagger. The grasping roots constrict you.
* * * LOW HITPOINT WARNING * * *
The grasping roots release their grip on you.
You tentacle-slap Ijyb but do no damage.
Ijyb is heavily wounded.
You constrict Ijyb, but do no damage. Ijyb hits you with a +0 dagger.
* * * LOW HITPOINT WARNING * * *
Unknown command.
You tentacle-slap Ijyb.
Ijyb is heavily wounded.
You constrict Ijyb. Ijyb closely misses you.
Unknown command.
You constrict Ijyb. Ijyb hits you with a +0 dagger.
You die...

# .# ### ..# ..#########
...##
#.........########......
#########.......hgg....#
##########....## ...#
..# ... .. .


You could see Ijyb and a hobgoblin.

Vanquished Creatures
  Sigmund (D:2)
  Jessica (D:2)
  A worm (D:2)
  A dart slug (D:1)
  4 bats
  6 endoplasms
  A giant cockroach (D:1)
  7 goblins
  7 hobgoblins
  4 kobolds
  2 quokkas (D:1)
  5 ball pythons
  3 frilled lizards
  4 rats
47 creatures vanquished.

Notes
Turn   | Place    | Note
-------+----------+-------------------------------------------
     0 | D:1      | mopl the Octopode Shapeshifter began the quest for the Orb.
     0 | D:1      | Reached XP level 1. HP: 13/13 MP: 1/1
    83 | D:1      | Reached XP level 2. HP: 18/18 MP: 2/2
   103 | D:1      | Found a faded altar of an unknown god.
   254 | D:1      | Reached XP level 3. HP: 19/23 MP: 3/3
   705 | D:2      | Noticed Jessica
   711 | D:2      | Killed Jessica
   712 | D:2      | Reached XP level 4. HP: 29/29 MP: 4/4
   910 | D:2      | Noticed Sigmund
   917 | D:2      | Killed Sigmund
   918 | D:2      | Reached skill level 2 in Fighting
   918 | D:2      | Reached skill level 4 in Unarmed Combat
   918 | D:2      | Reached skill level 4 in Shapeshifting
   918 | D:2      | Reached XP level 5. HP: 14/34 MP: 5/5
  1356 | D:2      | Reached skill level 3 in Dodging
  1378 | D:2      | Reached XP level 6. HP: 37/40 MP: 6/6
  1727 | D:3      | Noticed Ijyb
  1736 | D:3      | Slain by Ijyb

Illustrated notes

Levels and vault maps discovered:
D:1:      scummos_arrival_hexagon, layout_loops_ring,
          ebering_ecumenical_altar_box
D:2:      layout_basic, uniq_sigmund, uniq_jessica
D:3:      layout_rooms, mainiacjoe_overflow_alcove_2, vehumet_statue,
          mainiacjoe_overflow_surrounded_room, lightli_sewer_entry_pipes,
          uniq_ijyb

Skill      XL: |  1  2  3  4  5 |
---------------+----------------+-----
Fighting       | 2 |  2.3
Unarmed Combat | 4 |  4.5
Shapeshifting  | 4 |  4.2
Dodging        | 3 |  3.0

Action                     |  1- 3 |  4- 6 || total
---------------------------+-------+-------++-------
  Melee: Unarmed           |    51 |    36 ||    87
         Constrict         |    11 |     6 ||    17
         Tentacles         |     6 |     6 ||    12
         Punch             |     2 |       ||     2
   Stab: Sleeping          |     3 |     2 ||     5
 Armour: Skin              |    16 |    17 ||    33
  Dodge: Dodged            |    24 |    16 ||    40

Table legend: (Time is in decaauts)
 A = Elapsed time spent in this place.
 B = Non-inter-level travel time spent in this place.
 C = Inter-level travel time spent in this place.
 D = Time resting spent in this place.
 E = Time spent auto-exploring this place.
 F = Levels seen in this place.
 G = Mean time per level.
                   A        B        C        D        E       F      G
               +--------+--------+--------+--------+--------+-----+--------+
         Total |   1735 |   1679 |     56 |     78 |   1268 |   3 |  578.3 |
       Dungeon |   1735 |   1679 |     56 |     78 |   1268 |   3 |  578.3 |
               +--------+--------+--------+--------+--------+-----+--------+

Top non-repeatable levels by time:
     D:2: 963 daAuts
     D:1: 697 daAuts
     D:3: 75 daAuts
